 Dungeon Crawl Stone Soup version 0.30.0 (webtiles) character file.

Game seed: 9428980878850281127

14949 arghonaut the Geomancer (level 12, -8/77 HPs)
             Began as a Gargoyle Earth Elementalist on May 20, 2023.
             Was a Priest of Vehumet.
             Mangled by a pharaoh ant (9 damage)
             ... on level 3 of the Lair of Beasts.
             The game lasted 00:27:10 (12779 turns).

arghonaut the Geomancer (GrEE)                     Turns: 12779, Time: 00:27:10

Health: -8/77      AC: 25    Str: 12    XL:     12   Next: 21%
Magic:  30/30      EV: 12    Int: 27    God:    Vehumet [***...]
Gold:   202        SH:  0    Dex: 10    Spells: 14/23 levels left

rFire   . . .        i - +3 demon whip (venom)
rCold   . . .        (no shield)
rNeg    + . .        N - +2 ring mail {Will+}
rPois   ∞            J - +2 hat
rElec   +            x - +2 cloak
rCorr   .            f - +2 pair of gloves
SInv    +            (no boots)
Will    +....        j - amulet of magic regeneration
Stlth   +            p - ring of magical power
HPRegen 0.32/turn    R - ring of the Ethereal Tangerine {Int+6 SInv}
MPRegen 0.62/turn

%: no passive effects
@: about to teleport
A: sickness immunity, AC +8, negative energy resistance 1, electricity
resistance, torment resistance 1, petrification resistance
a: Renounce Religion


You were on level 3 of the Lair of Beasts.
You worshipped Vehumet.
Vehumet was most pleased with you.
You visited 3 branches of the dungeon, and saw 15 of its levels.

You collected 941 gold pieces.
You spent 739 gold pieces at shops.

Inventory:

Hand Weapons
 i - a +3 demon whip of venom (weapon)
Missiles
 L - a throwing net
Armour
 f - a +2 pair of gloves (worn)
 x - a +2 cloak (worn)
 J - a +2 hat (worn)
 N - a +2 ring mail of willpower (worn)
Jewellery
 c - a +4 ring of protection
 e - an amulet of reflection
 j - an amulet of magic regeneration (around neck)
 p - a ring of magical power (left hand)
 v - a +4 ring of slaying
 K - the ring "Kavvape" {Wiz Will- SInv Stlth+}
   (You found it on level 2 of the Lair of Beasts)

   [ring of wizardry]

   It improves your spell success rate.
   SInv:      It lets you see invisible.
   Will:      It decreases your willpower.
   Stlth:     It makes you more stealthy.
 R - the ring of the Ethereal Tangerine (right hand) {Int+6 SInv}
   (You bought it in a shop on level 10 of the Dungeon)

   [ring of intelligence]

   Int:       It affects your intelligence (+6).
   SInv:      It lets you see invisible.
Wands
 k - a wand of polymorph (8)
 u - a wand of flame (33)
 z - a wand of acid (4)
 H - a wand of paralysis (30)
Scrolls
 d - 4 scrolls of teleportation
 m - 6 scrolls of poison
 n - a scroll of silence
 s - a scroll of torment {unknown}
 y - 2 scrolls of immolation
 A - a scroll of magic mapping {unknown}
 C - a scroll of brand weapon {unknown}
 E - a scroll of fear
 G - a scroll of amnesia
 M - a scroll of noise
 O - 2 scrolls of fog
 P - 2 scrolls of vulnerability
 S - a scroll of butterflies {unknown}
Potions
 a - a potion of resistance {unknown}
 b - 2 potions of magic
 g - 2 potions of heal wounds
 h - 4 potions of lignification
 l - 2 potions of curing
 o - a potion of brilliance {unknown}
 q - 2 potions of might
 r - 7 potions of flight
 t - 2 potions of degeneration {unknown}
 w - 2 potions of attraction
 B - 3 potions of ambrosia {unknown}
 D - 3 potions of cancellation {unknown}
 F - 3 potions of haste {unknown}
 I - 2 potions of mutation {unknown}
 Q - 2 potions of berserk rage {unknown}
 T - a potion of invisibility {unknown}


   Skills:
 - Level 10.0 Fighting
 - Level 6.0 Maces & Flails
 - Level 6.0 Armour
 - Level 6.0 Dodging
 - Level 2.1 Stealth
 - Level 6.0 Spellcasting
 + Level 8.8 Conjurations
 - Level 0.7 Transmutations
 + Level 3.3 Ice Magic
 + Level 10.6 Earth Magic


You had 14 spell levels left.
You knew the following spells:

 Your Spells              Type           Power      Damage    Failure   Level
a - Sandblast             Erth           100%       2d20      1%          1
b - Passwall              Tmut/Erth      31%        N/A       1%          2
c - Stone Arrow           Conj/Erth      100%       3d13      1%          3
d - Frozen Ramparts       Ice            50%        1d8       3%          3

Your spell library contained the following spells:

 Spells                   Type           Power      Damage    Failure   Level
 Volatile Blastmotes      Fire/Tloc      16%        2d11      11%         3
 Shock                    Conj/Air       100%       1d9       1%          1
 Ignite Poison            Fire/Tmut/Pois 9%         N/A       11%         3
 Iron Shot                Conj/Erth      28%        9d6       11%         6
 Petrify                  Tmut/Erth      38%        N/A       13%         4
 Wereblood                Tmut           12%        N/A       16%         2
 Animate Armour           Summ/Erth      72%        N/A       16%         4
 Freezing Cloud           Conj/Ice/Air   15%        6-21      17%         5
 Airstrike                Air            4%         2d(1-17)  32%         4
 Gell's Gravitas          Tloc           8%         N/A       36%         3
 Swiftness                Air            8%         N/A       36%         3
 Teleport Other           Tloc           8%         N/A       36%         3
 Blade Hands              Tmut           6%         N/A       95%         5
 Dispersal                Tloc           4%         N/A       100%        6
 Summon Hydra             Summ           4%         N/A       100%        7
 Cigotuvi's Dreadful Rot  Necr/Pois/Air  Unusable   N/A       N/A         2
 Sublimation of Blood     Necr           Unusable   N/A       N/A         2

Dungeon Overview and Level Annotations

Branches:
Dungeon (11/15)            Temple (1/1) D:5            Lair (3/5) D:11
 Spider (0/4) Lair:3
  Swamp: Lair:2-3    Shoals: Lair:2-3       Orc: D:9-12

Altars:
Cheibriados
Dithmenos
Fedhas
Makhleb
Okawaru
Qazlal
Ru
Sif Muna
Trog
Uskayaw
Vehumet
Wu Jian
Xom
Zin
The Shining One

Shops:
D:5 :   D:10 =

Annotations:
D:5 1 exclusion
D:11 1 transporter, Urug


Innate Abilities, Weirdness & Mutations

You are immune to sickness and miasma.
Your stone body is resilient. (AC +8)
You are immune to poison.
You resist negative energy. (rN+)
You are resistant to electric shocks. (rElec)
You are resistant to unholy torment.
You are immune to petrification.


Message History

The cane toad stings you!
The wall freezes the jumping spider but does no damage.
The jumping spider pounces on you. The jumping spider closely misses you.
You hit the pharaoh ant but do no damage.
The pharaoh ant is severely damaged.
A jumping spider comes into view.
The wall freezes the pharaoh ant.
The pharaoh ant bites you!
The wall freezes the yak. x3; The yak gores you but does no damage.
The wall freezes the yak.
The wall freezes the jumping spider.
The jumping spider pounces on you! The jumping spider bites you.
The wall freezes the cane toad but does no damage.
The cane toad barely misses you.
The jumping spider moves out of view.
Casting: Frozen Ramparts (dangerous; 3% risk of failure)
Confirm with . or Enter, or press ? or * to list all spells.
Okay, then.
As you read the scroll of teleportation, it crumbles to dust.
You feel strangely unstable.
The frozen ramparts melt away.
The pharaoh ant bites you!
* * * LOW HITPOINT WARNING * * *
The jumping spider pounces on you.
* * * LOW HITPOINT WARNING * * *
The jumping spider bites you but does no damage.
The cane toad closely misses you.
Okay, then.
You feel much better. The pharaoh ant bites you!!
* * * LOW HITPOINT WARNING * * *
The jumping spider pounces on you but does no damage.
The jumping spider completely misses you.
The cane toad barely misses you.
The cane toad stings you but does no damage.
The yak gores you but does no damage.
The jumping spider pounces on you but does no damage.
The jumping spider bites you but does no damage.
The pharaoh ant barely misses you.
As you read the scroll of fear, it crumbles to dust.
You assume a fearsome visage.
The pharaoh ant is unaffected.
The jumping spider looks frightened!
The cane toad looks frightened!
The yak looks frightened! x5; The cane toad looks frightened!
The jumping spider leaps!
The pharaoh ant bites you!
You die...

### ## P.#####
##.###.P.#P# .#
..........# ...
.. ...#..#
..#.###...#
#..Y#!...#
...#.YB#○$..####
.....Y.@Y##..#.#
.>s.#F#Y.F#...##
. ..#..####...##
... #.#. ##...#
... .. # ##..##
#. #.. #...####
. ..P ###....#
.... ####.#
###.####


You could see 5 yaks, 2 cane toads, a pharaoh ant and a jumping spider
(fleeing).

Vanquished Creatures
  4 black mambas
  4 cane toads
  5 komodo dragons
  2 trolls
  A tarantella (Lair:3)
  5 dream sheep (Lair:3)
  A slime creature (D:5)
  22 yaks
  3 wyverns
  3 basilisks
  4 steam dragons
  Edmund (D:4)
  2 acid dragons (D:10)
  3 water moccasins
  Duvessa (D:5)
  6 orc warriors
  2 black bears
  A sky beast (D:6)
  4 centaurs
  3 ogres (D:5)
  2 phantoms
  4 kobold brigands
  9 bullfrogs
  4 scorpions
  8 wights (D:7)
  Dowan (D:5)
  A killer bee (D:6)
  4 jellies
  3 hounds
  7 orc priests
  3 sleepcaps
  6 iguanas
  Ijyb (D:4)
  Natasha (thrice) (D:3)
  9 orc wizards
  2 human simulacra (D:10)
  8 adders
  3 shadow imps
  An ufetubus (D:5)
  A worm (D:5)
  2 dart slugs
  41 orcs
  9 ball pythons
  7 bats
  5 endoplasms
  4 giant cockroaches
  6 goblins
  6 hobgoblins
  4 jackals
  23 kobolds
  6 quokkas
  3 frilled lizards (D:1)
  3 rats
276 creatures vanquished.

Vanquished Creatures (others)
  20 fungi
  5 plants
  13 toadstools
38 creatures vanquished.

Grand Total: 314 creatures vanquished

Notes
Turn   | Place    | Note
-------+----------+-------------------------------------------
     0 | D:1      | arghonaut the Gargoyle Earth Elementalist began the quest
                  | for the Orb.
     0 | D:1      | Reached XP level 1. HP: 10/10 MP: 3/3
   100 | D:1      | Reached XP level 2. HP: 15/15 MP: 0/5
   627 | D:1      | Reached XP level 3. HP: 19/19 MP: 6/6
   680 | D:1      | Found a faded altar of an unknown god.
  1204 | D:2      | Found a glowing silver altar of Zin.
  1323 | D:2      | Learned a level 2 spell: Passwall
  1327 | D:2      | Learned a level 3 spell: Stone Arrow
  1452 | D:2      | Reached XP level 4. HP: 24/24 MP: 8/8
  1806 | D:3      | Found an iron altar of Okawaru.
  1814 | D:3      | Reached skill level 5 in Earth Magic
  1815 | D:3      | Found a snail-covered altar of Cheibriados.
  1818 | D:3      | Found a glowing golden altar of the Shining One.
  2016 | D:3      | Noticed Natasha
  2019 | D:3      | Killed Natasha
  2143 | D:3      | Reached XP level 5. HP: 24/28 MP: 10/10
  2165 | D:3      | Noticed Natasha
  2176 | D:3      | Killed Natasha
  2196 | D:3      | Noticed Natasha
  2266 | D:3      | Killed Natasha
  2267 | D:3      | Reached skill level 1 in Conjurations
  2280 | D:3      | Found a glowing silver altar of Zin.
  2500 | D:4      | Noticed Ijyb
  2508 | D:4      | Reached XP level 6. HP: 31/32 MP: 11/11
  2530 | D:4      | Killed Ijyb
  2657 | D:4      | Noticed Edmund
  3044 | D:5      | Entered Level 5 of the Dungeon
  3054 | D:5      | Reached XP level 7. HP: 36/36 MP: 13/13
  3070 | D:5      | Found Bosuagh's Book Shoppe.
  3087 | D:5      | Found a staircase to the Ecumenical Temple.
  3103 | Temple   | Entered the Ecumenical Temple
  3120 | Temple   | Became a worshipper of Vehumet
  3183 | D:5      | Reached skill level 5 in Spellcasting
  3473 | D:5      | Reached XP level 8. HP: 32/41 MP: 15/15
  3536 | D:5      | Noticed a slime creature
  3536 | D:5      | Noticed a slime creature
  3560 | D:5      | Killed a slime creature
  3561 | D:5      | Reached skill level 5 in Conjurations
  3890 | D:5      | Noticed Duvessa
  3892 | D:5      | Noticed Dowan
  3903 | D:5      | Killed Duvessa
  4061 | D:5      | Killed Dowan
  4390 | D:6      | Reached XP level 9. HP: 50/52 MP: 18/18
  4412 | D:6      | Reached skill level 5 in Fighting
  4611 | D:6      | Found an ornate altar of the Wu Jian Council.
  4666 | D:6      | Found a hide-covered altar of Uskayaw.
  4666 | D:6      | Found a shadowy altar of Dithmenos.
  5221 | D:4      | Killed Edmund
  5262 | D:4      | Reached * piety under Vehumet
  5262 | D:4      | Offered knowledge of Kiss of Death by Vehumet.
  5788 | D:7      | Reached XP level 10. HP: 55/68 MP: 19/19
  5911 | D:7      | Reached skill level 10 in Fighting
  5911 | D:7      | Reached skill level 1 in Maces & Flails
  6224 | D:7      | Found a sacrificial altar of Ru.
  6474 | D:8      | Found a stormy altar of Qazlal.
  6499 | D:8      | Identified the +0 ring mail of the Locust {rC+ Int+3 Dex+2}
  6593 | D:8      | Offered knowledge of Magic Dart by Vehumet.
  6595 | D:8      | Reached ** piety under Vehumet
  7067 | D:8      | Reached skill level 5 in Maces & Flails
  8080 | D:9      | Reached skill level 1 in Armour
  8472 | D:9      | Found a flagged portal.
  8610 | D:9      | Found Ceoxus's Magic Scroll Shoppe.
  8654 | D:9      | Bought a scroll of teleportation for 30 gold pieces
  8654 | D:9      | Bought a scroll of noise for 10 gold pieces
  8654 | D:9      | Bought a scroll of identify for 20 gold pieces
  8654 | D:9      | Bought a scroll of fog for 40 gold pieces
  8654 | D:9      | Bought a scroll of identify for 20 gold pieces
  8654 | D:9      | Bought a scroll of vulnerability for 40 gold pieces
  8654 | D:9      | Bought a scroll of amnesia for 40 gold pieces
  8654 | D:9      | Bought a scroll of identify for 20 gold pieces
  9233 | D:10     | Entered Level 10 of the Dungeon
  9555 | D:10     | Reached XP level 11. HP: 72/72 MP: 20/20
  9561 | D:10     | Reached skill level 5 in Armour
  9845 | D:10     | Offered knowledge of Frozen Ramparts by Vehumet.
  9867 | D:10     | Learned a level 3 spell: Frozen Ramparts
  9941 | D:10     | Found Tirchav's Jewellery Shop.
  9944 | D:10     | Bought the ring of the Ethereal Tangerine {Int+6 SInv} for
                  | 519 gold pieces
 10300 | D:11     | Noticed Urug
 10314 | D:11     | Noticed a boulder beetle
 10314 | D:11     | Found a transporter.
 10314 | D:11     | Found a transporter.
 10324 | D:11     | Reached *** piety under Vehumet
 10327 | D:11     | Identified the +2 ring mail of Slovenliness {*Slow rF-
                  | Int+6}
 10358 | D:11     | Found a staircase to the Lair.
 10387 | Lair:1   | Entered Level 1 of the Lair of Beasts
 10411 | Lair:1   | Reached skill level 5 in Dodging
 10859 | Lair:1   | Found a bloodstained altar of Trog.
 11571 | Lair:2   | Offered knowledge of Volatile Blastmotes by Vehumet.
 12013 | Lair:2   | Reached skill level 1 in Ice Magic
 12013 | Lair:2   | Reached skill level 10 in Earth Magic
 12133 | Lair:2   | Identified the ring "Kavvape" {Wiz Will- SInv Stlth+}
 12419 | Lair:3   | Reached XP level 12. HP: 62/77 MP: 21/21
 12767 | Lair:3   | Found a hole to the Spider Nest.
 12778 | Lair:3   | HP: 1/77 [pharaoh ant (24)]
 12779 | Lair:3   | Mangled by a pharaoh ant

Illustrated notes

Levels and vault maps discovered:
D:1:      heliophobic_arrival_battle_scene, layout_loops_ring,
          nicolae_ecumenical_lake_church
D:2:      layout_basic, basic_altar
D:3:      layout_basic, minitemple, nicolae_overflow_crystal_walls, uniq_natasha
D:4:      layout_rooms, minmay_gold_behind_fungi, uniq_ijyb, uniq_edmund
D:5:      cheibrodos_fertilizer, layout_rooms,
          minmay_temple_entry_statues_pillars, serial_shops,
          nicolae_shop_pleasant_corner_grove, minmay_increasing_density,
          uniq_duvessa
D:6:      layout_loops_ring, mainiacjoe_overflow_24_doors, jmf_multi_god_temple
D:7:      layout_loops_ring, nicolae_ru_great_annihilating_truth
D:8:      layout_layer_cave, grunt_qazlal_clouds, kennysheep_nondescript
D:9:      kennysheep_steamy, layout_loops_ring, enter_bailey_8, serial_shops,
          shop, minmay_misc_feat_plants
D:10:     layout_rooms, serial_shops, nicolae_shop_behind_doors,
          bh_circular_ruins
D:11:     layout_big_octagon, lair_entry_dummy, erik_orc_1, serial_column_ruins,
          column_ruins_temple_circle, column_ruins_square_medium,
          column_ruins_columns_straight, column_ruins_columns_corner,
          column_ruins_columns_corner, column_ruins_grid_2, column_ruins_grid_1,
          column_ruins_grid_1, column_ruins_columns_straight,
          nicolae_diode_stairs, uniq_urug, uniq_harold
Temple:   nicolae_temple_bog_church
Lair:1:   layout_cave_pods, basic_altar
Lair:2:   layout_regular_city, grunt_megastairs_1, infiniplex_staircase_pool_2,
          lemuel_fruit_tree
Lair:3:   layout_misc_corridors, nicolae_swamp_entry_splash_gauntlet,
          nicolae_spider_entry_lesser_pyramids, minivault_26

Skill      XL: |  1  2  3  4  5  6  7  8  9 10 11 12 |
---------------+-------------------------------------+-----
Earth Magic    | 4 5 6 7 8 10 | 10.6
Spellcasting   | 3 4 5 6 |  6.0
Conjurations   | 1 3 4 6 8 |  8.8
Fighting       | 4 9 10 | 10.0
Maces & Flails | 6 |  6.0
Armour         | 4 6 |  6.0
Dodging        | 4 6 |  6.0
Ice Magic      | 1 3 |  3.3
Stealth        | |  2.1
Transmutations | |  0.7

Action                     |  1- 3 |  4- 6 |  7- 9 | 10-12 || total
---------------------------+-------+-------+-------+-------++-------
  Melee: Unarmed           |    12 |       |       |       ||    12
         Short sword       |    13 |       |       |       ||    13
         Demon whip        |    29 |    50 |    34 |   350 ||   463
         Punch             |       |     1 |       |     6 ||     7
   Cast: Sandblast         |    38 |    52 |   158 |   128 ||   376
         Stone Arrow       |       |       |       |    55 ||    55
         Frozen Ramparts   |       |       |       |     1 ||     1
    Use: Scroll            |       |     6 |     2 |    14 ||    22
         Potion            |       |     1 |       |     4 ||     5
   Stab: Sleeping          |       |     1 |       |       ||     1
 Armour: Robe              |    31 |    30 |       |       ||    61
         Ring mail         |       |     6 |    91 |   237 ||   334
  Dodge: Dodged            |    40 |    50 |    71 |   214 ||   375
